 Dungeon Crawl Stone Soup version 0.29.1-13-g9f3cf754e1 (webtiles) character file.

Game seed: 38765353991926192

0 hbarley the Trooper (level 1, 0/19 HPs)
             Began as a Hill Orc Fighter on Jan 30, 2023.
             Succumbed to a kobold's poison
             ... on level 1 of the Dungeon.
             The game lasted 00:00:15 (42 turns).

hbarley the Trooper (Hill Orc Fighter)                Turns: 42, Time: 00:00:15

Health: 0/19       AC:  6    Str: 18    XL:     1   Next: 10%
Magic:  1/1        EV:  9    Int:  8    God:
Gold:   30         SH:  4    Dex: 10    Spells: 0/0 levels left

rFire   . . .      SeeInvis .   a - +0 war axe
rCold   . . .      Faith    .   c - +0 buckler
rNeg    . . .      Spirit   .   b - +0 scale mail
rPois   .          Reflect  .   (no helmet)
rElec   .          Harm     .   (no cloak)
rCorr   .          Rampage  .   (no gloves)
Will    .....                   (no boots)
Stlth   ..........              (no amulet)
HPRegen 0.06/turn               (no ring)
MPRegen 0.07/turn               (no ring)

@: lethally poisoned (0 -> -20)
A: no striking features
a: no special abilities


You were on level 1 of the Dungeon.
You visited 1 branch of the dungeon, and saw 1 of its levels.

You collected 30 gold pieces.

Inventory:

Hand Weapons
 a - a +0 war axe (weapon)
Armour
 b - a +0 scale mail (worn)
 c - a +0 buckler (worn)
Potions
 d - a potion of might


   Skills:
 + Level 3.6 Fighting
 + Level 2.6 Axes
 + Level 3.2 Armour
 + Level 3.3 Shields


You couldn't memorise any spells.
You didn't know any spells.
Your spell library contained the following spells:

 Spells                   Type           Power      Damage    Failure   Level
 Stone Arrow              Conj/Erth      0%         3d7       99%         3
 Animate Armour           Summ/Erth      0%         N/A       100%        4
 Lehudib's Crystal Spear  Conj/Erth      0%         10d2      100%        8


Dungeon Overview and Level Annotations

Branches:
Dungeon (1/15)

Altars:


Message History

The jackal stops to sniff the ground.
The frilled lizard bites you but does no damage.
You closely miss the frilled lizard.
A bat comes into view.
The frilled lizard bites you but does no damage.
The bat moves out of view.
You barely miss the frilled lizard. You miss the kobold.
You block the kobold's attack. The frilled lizard barely misses you.
The jackal closely misses you.
You slash the frilled lizard!
You kill the frilled lizard!
You closely miss the jackal. You barely miss the kobold.
The jackal bites you but does no damage.
The kobold hits you but does no damage.
You are poisoned.
The jackal bites you but does no damage. x2
The kobold hits you but does no damage.
You are lethally poisoned!
You barely miss the jackal. You hit the jackal. You hit the kobold.
You feel extremely sick. The jackal closely misses you.
The jackal barely misses you. The kobold closely misses you.
The jackal bites you but does no damage.
You block the jackal's attack.
A dart slug comes into view.
You hit the jackal.
The jackal is heavily wounded.
You hit the jackal but do no damage. You hit the kobold.
You feel very sick.
The jackal bites you but does no damage.
The jackal closely misses you. The kobold hits you but does no damage.
You are more poisoned.
The jackal bites you. The jackal barely misses you.
The kobold barely misses you.
You closely miss the jackal.
The jackal is heavily wounded.
You slash the jackal!
You kill the jackal!
You miss the kobold.
You die...

##..?.......
.###..........##..
...#.#...........#
............[.... #
##.............#
..####..............
.................#
......?...|....†##..#.
..............@h....w. .
##.......?..K...... ..
#.................
#.#####.................
#............#.......###
##...#......##.....###
#................##
##.#....###.......#
........# .........


You could see a dart slug, a jackal and a kobold.

Vanquished Creatures
  A jackal (D:1)
  A frilled lizard (D:1)
2 creatures vanquished.

Notes
Turn   | Place    | Note
-------+----------+-------------------------------------------
     0 | D:1      | hbarley the Hill Orc Fighter began the quest for the Orb.
     0 | D:1      | Reached XP level 1. HP: 19/19 MP: 1/1
    42 | D:1      | Succumbed to a kobold's poison

Illustrated notes

Levels and vault maps discovered:
D:1:      spicycebolla_green_bress_n_ham_2, layout_rooms,
          shapermc_ecumenical_altar_venn, serial_glass, glass_columns_a,
          glass_columns_a

Action                   || total
-------------------------++-------
Melee: War axe           ||     6
Armor: Scale mail        ||    10
Dodge: Dodged            ||     8
Block: Buckler           ||     2
